 Dungeon Crawl Stone Soup version 0.30-a0-760-g5a9884bb7c (webtiles) character file.

Game seed: 9152098867878778375

511 pokeman the Magician (level 6, -2/34 HPs)
             Began as a Deep Elf Hedge Wizard on Feb 10, 2023.
             Slain by Edmund
             ... wielding a +5 dire flail of protection
              (8 damage)
             ... on level 4 of the Dungeon.
             The game lasted 00:11:08 (3849 turns).

pokeman the Magician (Deep Elf Hedge Wizard)        Turns: 3849, Time: 00:11:09

Health: -2/34      AC:  6    Str: 10    XL:     6   Next: 99%
Magic:  22/27      EV: 13    Int: 21    God:
Gold:   177        SH:  0    Dex: 17    Spells: 12/20 levels left

rFire   . . .      SeeInvis .    a - +0 dagger
rCold   . . .      Faith    .    (no shield)
rNeg    . . .      Spirit   .    b - +0 robe
rPois   +          Reflect  .    g - +0 helmet
rElec   .          Harm     .    s - +1 cloak of Honour {Str+3 Dex+3}
rCorr   .          Rampage  .    (no gloves)
Will    .....                    t - +0 pair of boots
Stlth   ++                       (no amulet)
HPRegen 0.25/turn                l - ring of magical power
MPRegen 0.20/turn                m - ring of poison resistance

@: no status effects
A: no striking features
a: no special abilities


You were on level 4 of the Dungeon.
You visited 1 branch of the dungeon, and saw 4 of its levels.

You collected 207 gold pieces.
You spent 30 gold pieces at shops.

Inventory:

Hand Weapons
 a - a +0 dagger (weapon)
Armour
 b - a +0 robe (worn)
 c - a +0 buckler
 g - a +0 helmet (worn)
 s - the +1 cloak of Honour (worn) {Str+3 Dex+3}
   (You found it on level 3 of the Dungeon)

   Str:       It affects your strength (+3).
   Dex:       It affects your dexterity (+3).
 t - a +0 pair of boots (worn)
Jewellery
 l - a ring of magical power (left hand)
 m - a ring of poison resistance (right hand)
 p - a ring of protection from cold
Wands
 o - a wand of flame (13)
Scrolls
 e - 5 scrolls of amnesia {unknown}
 f - 3 scrolls of poison {unknown}
 i - a scroll of noise {unknown}
 k - 5 scrolls of identify {unknown}
 n - a scroll of torment {unknown}
 q - 2 scrolls of teleportation {unknown}
 u - a scroll of blinking {unknown}
 w - a scroll of enchant armour {unknown}
Potions
 d - a potion of magic
 h - 3 potions of curing
 j - 2 potions of flight {unknown}
 r - a potion of invisibility {unknown}
 v - a potion of resistance {unknown}


   Skills:
 + Level 1.3 Fighting
 - Level 1.0 Armour
 - Level 3.0 Dodging
 - Level 3.0 Stealth
 - Level 1.3 Shields
 * Level 7.5 Spellcasting
 + Level 3.6 Conjurations
 + Level 1.1 Summonings
 - Level 1.1 Translocations
 - Level 1.2 Air Magic
 - Level 1.0 Poison Magic
 - Level 1.1 Evocations


You had 12 spell levels left.
You knew the following spells:

 Your Spells              Type           Power      Damage    Failure   Level
a - Magic Dart            Conj           92%        1d7       1%          1
b - Mephitic Cloud        Conj/Pois/Air  16%        N/A       11%         3
c - Call Imp              Summ           12%        N/A       9%          2
d - Blink                 Tloc           24%        N/A       9%          2

Your spell library contained the following spells:

 Spells                   Type           Power      Damage    Failure   Level
 Slow                     Hex            28%        N/A       9%          1
 Cigotuvi's Dreadful Rot  Necr/Pois/Air  22%        N/A       10%         2
 Call Canine Familiar     Summ           12%        N/A       16%         3
 Portal Projectile        Hex/Tloc       20%        N/A       21%         3
 Leda's Liquefaction      Hex/Erth       3%         N/A       63%         4


Dungeon Overview and Level Annotations

Branches:
Dungeon (4/15)
 Temple: D:4-7

Altars:
Fedhas
Zin

Shops:
D:1 !   D:4 *

Annotations:
D:4 Edmund


Message History

Edmund is engulfed in noxious fumes.
Edmund appears confused.
Edmund hits your crimson imp with a +5 dire flail of protection.
You swap places.
Edmund hits you with a +5 dire flail of protection!
You hit Edmund but do no damage.
Edmund hits you with a +5 dire flail of protection!
You hit Edmund but do no damage.
Edmund hits you with a +5 dire flail of protection.
Edmund hits himself with a +5 dire flail of protection!
You hit Edmund but do no damage.
Edmund is moderately wounded.
Edmund misses your crimson imp.
Your crimson imp blinks!
You hit Edmund but do no damage.
Edmund is moderately wounded.
You hit Edmund but do no damage.
Edmund is moderately wounded.
Edmund misses you.
Edmund hits himself with a +5 dire flail of protection.
You catch the helpless Edmund completely off-guard!
You hit Edmund.
Edmund is heavily wounded.
You barely miss Edmund. You punch Edmund, but do no damage.
Edmund is heavily wounded.
Edmund closely misses you.
Your crimson imp blinks!
You hit Edmund but do no damage.
Edmund is heavily wounded.
Edmund cries.
Edmund hits you with a +5 dire flail of protection!
* * * LOW HITPOINT WARNING * * *
Your crimson imp completely misses Edmund.
Your crimson imp hits Edmund.
You barely miss Edmund.
Edmund is heavily wounded.
Edmund closely misses you.
Your crimson imp barely misses Edmund.
You hit Edmund.
Edmund is heavily wounded.
Edmund hits you with a +5 dire flail of protection!
You die...

..# #.# #.# #.# #.#
##.# ##5.# ##@#.#
######## #@##ยง#
.......## #.###.#
#####...######.####.#
#.#.........)...#
#...####.########
##### ##


You could see Edmund (confused, ally target) and a friendly crimson imp
(summoned).

Vanquished Creatures
  2 ogres (D:4)
  A scorpion (D:4)
  Natasha (twice) (D:2)
  Terence (D:2)
  6 gnolls (D:4)
  3 adders
  An ufetubus (D:4)
  A dart slug (D:2)
  2 orcs (D:4)
  6 endoplasms
  4 giant cockroaches
  4 hobgoblins
  2 jackals (D:4)
  8 kobolds
  4 quokkas
  4 ball pythons
  6 bats
  2 frilled lizards
  6 goblins
  6 rats
71 creatures vanquished.

Vanquished Creatures (collateral kills)
  Natasha (D:2)
  2 gnolls (D:4)
3 creatures vanquished.

Vanquished Creatures (others)
  2 plants (D:3)
  A withered plant (D:3)
3 creatures vanquished.

Grand Total: 77 creatures vanquished

Notes
Turn   | Place    | Note
-------+----------+-------------------------------------------
     0 | D:1      | pokeman the Deep Elf Hedge Wizard began the quest for the
                  | Orb.
     0 | D:1      | Reached XP level 1. HP: 10/10 MP: 7/7
   305 | D:1      | You fall into a shaft and drop 1 floor!
   332 | D:2      | Noticed Terence
   334 | D:2      | Reached XP level 2. HP: 16/16 MP: 1/9
   393 | D:2      | Found a blossoming altar of Fedhas.
   546 | D:1      | Found Yschychav's Distillery.
   564 | D:1      | Bought a potion of curing for 30 gold pieces
  1010 | D:1      | Reached skill level 5 in Spellcasting
  1445 | D:2      | Noticed Natasha
  1456 | D:2      | Reached XP level 3. HP: 20/20 MP: 11/11
  1460 | D:2      | Learned a level 3 spell: Mephitic Cloud
  1463 | D:2      | Learned a level 2 spell: Call Imp
  1466 | D:2      | Learned a level 2 spell: Blink
  1569 | D:2      | Killed Terence
  1570 | D:2      | Reached skill level 1 in Fighting
  1570 | D:2      | Reached skill level 1 in Armour
  1654 | D:2      | Killed Natasha
  1655 | D:2      | Reached XP level 4. HP: 25/25 MP: 13/13
  1663 | D:2      | Noticed Natasha
  1677 | D:2      | Killed Natasha
  1686 | D:2      | Noticed Natasha
  1691 | D:2      | Killed Natasha
  1692 | D:2      | Reached skill level 6 in Spellcasting
  1692 | D:2      | Reached XP level 5. HP: 20/29 MP: 12/15
  2154 | D:3      | Identified the +1 cloak of Honour {Str+3 Dex+3}
  2171 | D:3      | Found a glowing silver altar of Zin.
  2300 | D:3      | Found a faded altar of an unknown god.
  2697 | D:4      | Noticed an ogre
  2712 | D:4      | Killed an ogre
  2713 | D:4      | Reached skill level 1 in Shields
  2783 | D:4      | Reached XP level 6. HP: 23/34 MP: 4/17
  3037 | D:4      | Reached skill level 7 in Spellcasting
  3040 | D:4      | Reached skill level 1 in Poison Magic
  3117 | D:4      | Reached skill level 1 in Air Magic
  3264 | D:4      | Reached skill level 1 in Evocations
  3340 | D:4      | Found Peegg's Assorted Antiques.
  3824 | D:4      | Noticed Edmund
  3849 | D:4      | Slain by Edmund

Illustrated notes

Levels and vault maps discovered:
D:1:      dpeg_arrival_more_subterranean_lakeside_camping, layout_loops_cross,
          serial_shops, nicolae_shop_statue_plus
D:2:      layout_rooms, basic_altar, minmay_misc_feat_columns,
          grunt_ministairs_7, uniq_terence, uniq_natasha
D:3:      layout_loops_ring, mainiacjoe_overflow_alcove_2,
          shapermc_ecumenical_altar_flowoftime
D:4:      layout_loops_ring, serial_shops, nicolae_square_shop,
          minmay_misc_feat_five, uniq_edmund

Skill      XL: |  1  2  3  4  5  6 |
---------------+-------------------+-----
Spellcasting   | 5 6 7 |  7.5
Fighting       | 1 |  1.3
Armour         | 1 |  1.0
Conjurations   | 2 3 |  3.6
Dodging        | 3 |  3.0
Stealth        | 3 |  3.0
Shields        | 1 |  1.3
Poison Magic   | 1 |  1.0
Air Magic      | 1 |  1.2
Evocations     | 1 |  1.1
Summonings     | |  1.1
Translocations | |  1.1

Action                     |  1- 3 |  4- 6 || total
---------------------------+-------+-------++-------
  Melee: Dagger            |    11 |    38 ||    49
         Punch             |       |     1 ||     1
   Cast: Magic Dart        |    90 |   103 ||   193
         Mephitic Cloud    |     2 |    11 ||    13
         Call Imp          |     1 |     5 ||     6
         Blink             |       |     1 ||     1
   Stab: Sleeping          |     1 |     1 ||     2
         Confused          |     1 |     2 ||     3
 Armour: Robe              |     4 |    11 ||    15
  Dodge: Dodged            |    18 |    56 ||    74

Table legend: (Time is in decaauts)
 A = Elapsed time spent in this place.
 B = Non-inter-level travel time spent in this place.
 C = Inter-level travel time spent in this place.
 D = Time resting spent in this place.
 E = Time spent auto-exploring this place.
 F = Levels seen in this place.
 G = Mean time per level.
                   A        B        C        D        E       F      G
               +--------+--------+--------+--------+--------+-----+--------+
         Total |   3859 |   3781 |     78 |    124 |   2996 |   4 |  964.8 |
       Dungeon |   3859 |   3781 |     78 |    124 |   2996 |   4 |  964.8 |
               +--------+--------+--------+--------+--------+-----+--------+

Top non-repeatable levels by time:
     D:1: 1302 daAuts
     D:4: 1023 daAuts
     D:3: 850 daAuts
     D:2: 683 daAuts
